Match 28331449
Unlisted

Match 28331449
End
Construct Section Command Post
Infantry Section
Dingo Light Scout Car
Infantry Section
Infantry Section
Infantry Section
Infantry Section
Construct Field Infirmary
Selects Heavy Armor Battlegroup
Selects Light Vehicle Withdraw and Refit
Light Vehicle Withdraw and Refit
Construct Platoon Command Post
Grenade Package
Selects Engineer Detachments
6-pounder Anti-tank Gun Team
Infantry Section
Selects Crusader AA Medium Tank
Crusader AA Medium Tank
purepsychological
HulkSMASH
0
0

Comments sign in to comment!

No comments posted yet!